 Dungeon Crawl Stone Soup version 0.29-a0-352-g0917bc69df (webtiles) character file.

Game seed: 11365722387056224165

62 NinjaNoafa the Ruffian (level 3, -5/36 HPs)
             Began as a Troll Monk on Apr 24, 2022.
             Slain by a gnoll
             ... wielding a +0 flail
              (11 damage)
             ... on level 2 of the Dungeon.
             The game lasted 00:03:28 (998 turns).

NinjaNoafa the Ruffian (Troll Monk)                  Turns: 998, Time: 00:03:29

Health: -5/36      AC:  4    Str: 19    XL:     3   Next: 85%
Magic:  2/2        EV: 10    Int:  6    God:
Gold:   79         SH:  0    Dex: 14    Spells: 2/2 levels left

rFire   . . .      SeeInvis .   k - +0 dagger
rCold   + . .      Faith    .   (no shield)
rNeg    . . .      Spirit   .   a - +0 robe
rPois   .          Reflect  .   (helmet restricted)
rElec   .          Harm     .   (no cloak)
rCorr   .          Rampage  .   (gloves unavailable)
Will    .....                   (boots unavailable)
Stlth   ++........              (no amulet)
HPRegen 0.92/turn               (no ring)
MPRegen 0.08/turn               (no ring)

@: unable to read
A: large, unfitting armour, claws 3, regeneration 1, shaggy fur 1, tough skin 1,
cold resistance 1, inability to read while threatened
a: no special abilities


You were on level 2 of the Dungeon.
You visited 1 branch of the dungeon, and saw 3 of its levels.

You collected 79 gold pieces.

Inventory:

Hand Weapons
 k - a +0 dagger (weapon)
Missiles
 m - 52 stones (quivered)
Armour
 a - a +0 robe (worn)
Jewellery
 e - a ring of fire
Scrolls
 f - a scroll of identify {unknown}
 g - 2 scrolls of enchant weapon {unknown}
 h - a scroll of immolation {unknown}
Potions
 l - a potion of curing


   Skills:
 + Level 2.8 Fighting
 + Level 0.3 Short Blades
 + Level 0.6 Throwing
 + Level 2.9 Dodging
 + Level 1.4 Stealth
 - Level 3.3 Unarmed Combat


You had 2 spell levels left.
You didn't know any spells.
Your spell library contained the following spells:

 Spells                   Type           Power      Damage    Failure   Level
 Ensorcelled Hibernation  Hex/Ice        0%         N/A       58%         2
 Passwall                 Tmut/Erth      0%         N/A       58%         2
 Static Discharge         Conj/Air       0%         N/A       58%         2
 Spider Form              Tmut/Pois      0%         N/A       83%         3
 Swiftness                Air            0%         N/A       83%         3
 Conjure Ball Lightning   Conj/Air       0%         3x3d6     100%        6
 Statue Form              Tmut/Erth      0%         N/A       100%        6


Dungeon Overview and Level Annotations

Branches:
Dungeon (3/15)

Altars:

Shops:
D:1 *

Annotations:
D:3 Natasha


Innate Abilities, Weirdness & Mutations

You are too large for most types of armour.
You have claws for hands.
Your natural rate of healing is unusually fast.
You are covered in fur. (AC +1)
You have tough skin. (AC +1)
Your flesh is cold resistant. (rC+)
You sometimes lose the ability to read scrolls when taking damage.


Message History

You feel invigorated. The kobold closely misses you.
You miss the kobold. The kobold barely misses you.
You're too confused to move!
The kobold closely misses you.
You bump into the rock wall.
The kobold barely misses you.
You bump into the rock wall.
The kobold closely misses you.
You feel less invigorated.
You feel less confused.
You barely miss the kobold. The kobold hits you with a +0 war axe!
You closely miss the kobold. The kobold closely misses you.
Throw: 2 darts (poison)
Press: ? - help, Q - select action, (/) - cycle Shift-Dir - straight line, f - kobold
Aim: a kobold, wielding a +0 war axe (51% to hit)
You throw a poisoned dart. The poisoned dart hits the kobold.
The kobold is poisoned.
Unknown command.
You closely miss the kobold.
The kobold is moderately wounded.
The kobold hits you with a +0 war axe.
You barely miss the kobold.
The kobold is moderately wounded.
The kobold barely misses you.
You hit the kobold.
You kill the kobold!
Throw: dart (poison)
Press: ? - help, Q - select action, (/) - cycle Shift-Dir - straight line, f - gnoll
Aim: a gnoll, wielding a +0 flail (63% to hit)
You throw a poisoned dart. The poisoned dart hits the gnoll.
The gnoll is poisoned.
The gnoll hits you with a +0 flail!
You feel threatened and lose the ability to read scrolls!
The gnoll hits you but does no damage.
You completely miss the gnoll.
The gnoll is lightly wounded.
You can read scrolls again.
The gnoll hits you with a +0 flail!
You feel threatened and lose the ability to read scrolls!
The gnoll hits you from afar with a +0 spear.
* * * LOW HITPOINT WARNING * * *
The gnoll attacks as you move away! The gnoll hits you with a +0 flail!
You die...

..## #.# #..........#
..# #.# #..†.......#
..# ..# #..........#
..# #..........# ..##
####)........†# ...#
#........)....#
##.### #
###.#########†#.#
##ggg####.#######...#
#.#..
.bK.....#..†gggg@.###
#>###
.....)..#.(########
#..# ........#.. #.##
..g.g...... #.
......g.#<# #.
........#.# #.
.......... ..
.........# ..


You could see 3 gnolls and a hobgoblin.

Vanquished Creatures
  2 gnolls
  An adder (D:2)
  A dart slug (D:1)
  4 ball pythons
  2 endoplasms (D:1)
  A giant cockroach (D:1)
  2 hobgoblins (D:1)
  2 kobolds
  2 quokkas (D:1)
  5 bats
  2 frilled lizards (D:1)
  4 goblins
  4 rats
32 creatures vanquished.

Notes
Turn   | Place    | Note
-------+----------+-------------------------------------------
     0 | D:1      | NinjaNoafa the Troll Monk began the quest for the Orb.
     0 | D:1      | Reached XP level 1. HP: 22/22 MP: 0/0
    81 | D:1      | Reached XP level 2. HP: 27/29 MP: 1/1
    98 | D:1      | Got the Papyrus of Gliding Changing
   130 | D:1      | Found Syapt's Assorted Antiques.
   463 | D:1      | Reached XP level 3. HP: 22/36 MP: 2/2
   719 | D:2      | Found a faded altar of an unknown god.
   720 | D:2      | You fall into a shaft and drop 1 floor!
   720 | D:3      | Noticed Natasha
   891 | D:2      | Gained mutation: You sometimes lose the ability to read
                  | scrolls when taking damage. [potion of mutation]
   891 | D:2      | Gained mutation: Your flesh is cold resistant. (rC+)
                  | [potion of mutation]
   998 | D:2      | Slain by a gnoll

Illustrated notes

Levels and vault maps discovered:
D:1:      wander_arrival_desolate, layout_basic, serial_shops,
          nicolae_shop_advertising_works [nicolae_subvault_shop_adworks]
D:2:      layout_rooms, ebering_ecumenical_altar_box
D:3:      layout_basic, yredelemnul_forgotten_temple_becter, minmay_between,
          uniq_natasha

Action                   || total
-------------------------++-------
Melee: Unarmed           ||    39
       Punch             ||     1
       Dagger            ||    92
Throw: Dart              ||     4
  Use: Potion            ||     4
       Scroll            ||     1
 Stab: Sleeping          ||     3
Armor: Robe              ||    82
Dodge: Dodged            ||   114

Table legend: (Time is in decaauts)
 A = Elapsed time spent in this place.
 B = Non-inter-level travel time spent in this place.
 C = Inter-level travel time spent in this place.
 D = Time resting spent in this place.
 E = Time spent auto-exploring this place.
 F = Levels seen in this place.
 G = Mean time per level.
                   A        B        C        D        E       F      G
               +--------+--------+--------+--------+--------+-----+--------+
         Total |    994 |    937 |     57 |      0 |    651 |   3 |  331.3 |
       Dungeon |    994 |    937 |     57 |      0 |    651 |   3 |  331.3 |
               +--------+--------+--------+--------+--------+-----+--------+

Top non-repeatable levels by time:
     D:1: 687 daAuts
     D:2: 304 daAuts
     D:3: 2 daAuts
